 Dungeon Crawl Stone Soup version 0.30.0-10-gfe55d96785 (webtiles) character file.

Game seed: 18086138438794757045

125948 McKennaii the Devastator (level 15, -7/99 HPs)
             Began as a Demigod Conjurer on May 14, 2023.
             Blew themself up (104 damage)
             ... with an orb of destruction
             ... on level 1 of the Swamp.
             The game lasted 01:15:52 (36290 turns).

McKennaii the Devastator (Demigod Conjurer)        Turns: 36290, Time: 01:15:52

Health: -7/99      AC: 15    Str: 16    XL:     15   Next: 96%
Magic:  26/50      EV: 11    Int: 42    God:
Gold:   3066       SH:  7    Dex: 12    Spells: 23/48 levels left

rFire   + . .        m - staff of conjuration
rCold   . . .        W - +2 buckler of Borrir {Str+5}
rNeg    . . .        X - +3 leather armour {rF+}
rPois   .            r - +0 helmet
rElec   .            E - +2 cloak {Will+}
rCorr   +            L - +0 pair of gloves of Xom, Hammering {Will+}
SInv    .            N - +2 pair of boots
Will    +++..        Y - amulet of magic regeneration
Stlth   +            z - ring of Afaok {rCorr Str+3 Int+2}
HPRegen 0.36/turn    H - ring of magical power
MPRegen 0.72/turn

%: no passive effects
@: very slow
A: high MP 1, forlorn, divine attributes
a: no special abilities


You were on level 1 of the Swamp.
You visited 4 branches of the dungeon, and saw 23 of its levels.
You also visited: Ossuary, Bailey and Gauntlet.

You collected 4181 gold pieces.
You spent 1115 gold pieces at shops.

Inventory:

Hand Weapons
 Z - a +3 scimitar of flaming
Armour
 r - a +0 helmet (worn)
 E - a +2 cloak of willpower (worn)
 L - the +0 pair of gloves of Xom, Hammering (worn) {Will+}
   (You found it on level 7 of the Dungeon)

   Will:      It increases your willpower.
 N - a +2 pair of boots (worn)
 W - the +2 buckler of Borrir (worn) {Str+5}
   (You acquired it on level 15 of the Dungeon)

   Str:       It affects your strength (+5).
 X - a +3 leather armour of fire resistance (worn)
Magical Staves
 m - a staff of conjuration (weapon)
Jewellery
 a - the ring "Hiekaz" {rF+ EV+5}
   (You found it in a Gauntlet)

   [ring of evasion]

   EV:        It affects your evasion (+5).
   rF:        It protects you from fire.
 j - a ring of wizardry
 z - the ring of Afaok (left hand) {rCorr Str+3 Int+2}
   (You found it on level 4 of the Dungeon)

   [ring of resist corrosion]

   Str:       It affects your strength (+3).
   Int:       It affects your intelligence (+2).
   rCorr:     It protects you from acid and corrosion.
 D - a ring of willpower
 F - a ring of protection from cold
 H - a ring of magical power (right hand)
 K - a ring of positive energy
 Y - an amulet of magic regeneration (around neck)
Wands
 w - a wand of roots (45)
 J - a wand of polymorph (29)
 O - a wand of quicksilver (8)
 S - a wand of paralysis (6)
 T - a wand of mindburst (6)
Scrolls
 e - 9 scrolls of teleportation
 f - 5 scrolls of vulnerability
 g - 4 scrolls of magic mapping
 k - 3 scrolls of summoning
 p - 4 scrolls of amnesia
 s - 6 scrolls of blinking
 t - 6 scrolls of poison
 u - 3 scrolls of enchant armour
 x - 9 scrolls of immolation
 y - 11 scrolls of enchant weapon
 G - a scroll of silence {unknown}
 I - a scroll of brand weapon
 M - 3 scrolls of fear
 R - 5 scrolls of fog {unknown}
 U - a scroll of identify
 V - 2 scrolls of noise {unknown}
Potions
 b - 7 potions of magic
 c - 2 potions of invisibility
 d - 5 potions of heal wounds
 h - 5 potions of lignification
 i - 2 potions of flight
 l - 8 potions of haste
 n - 10 potions of brilliance
 o - 6 potions of ambrosia
 q - 2 potions of berserk rage
 v - 8 potions of mutation
 A - 10 potions of curing
 B - 6 potions of cancellation
 C - 5 potions of might
 P - 4 potions of attraction
 Q - 3 potions of resistance


   Skills:
 - Level 4.0 Armour
 - Level 1.7 Dodging
 - Level 1.7 Stealth
 - Level 4.0 Shields
 + Level 17.3 Spellcasting
 + Level 18.9 Conjurations
 + Level 3.3 Fire Magic
 + Level 3.4 Air Magic


You had 23 spell levels left.
You knew the following spells:

 Your Spells              Type           Power      Damage    Failure   Level
a - Magic Dart            Conj           100%       1d8       0%          1
b - Searing Ray           Conj           100%       2d8       0%          2
c - Iskenderun's Mystic   Conj/Tloc      100%       2d19      1%          4
d - Plasma Beam           Fire/Air       30%        2x1d47    41%         6
e - Orb of Destruction    Conj           69%        9d16      1%          7
f - Freezing Cloud        Conj/Ice/Air   49%        6-21      1%          5

Your spell library contained the following spells:

 Spells                   Type           Power      Damage    Failure   Level
 Ensorcelled Hibernation  Hex/Ice        72%        N/A       1%          2
 Lesser Beckoning         Tloc           72%        N/A       1%          2
 Passwall                 Tmut/Erth      30%        N/A       1%          2
 Poisonous Vapours        Pois/Air       100%       N/A       1%          2
 Sublimation of Blood     Necr           36%        N/A       1%          2
 Dazzling Flash           Conj/Hex       100%       N/A       1%          3
 Hailstorm                Conj/Ice       100%       3d20      1%          3
 Mephitic Cloud           Conj/Pois/Air  99%        N/A       1%          3
 Swiftness                Air            60%        N/A       1%          3
 Volatile Blastmotes      Fire/Tloc      100%       2d18      1%          3
 Fulminant Prism          Conj/Hex       54%        3d22      1%          4
 Irradiate                Conj/Tmut      54%        3d29      1%          5
 Starburst                Conj/Fire      57%        6d15      1%          6
 Call Canine Familiar     Summ           36%        N/A       3%          3
 Frozen Ramparts          Ice            72%        1d11      3%          3
 Gell's Gravitas          Tloc           36%        N/A       3%          3
 Ozocubu's Armour         Ice            36%        N/A       3%          3
 Portal Projectile        Hex/Tloc       72%        N/A       3%          3
 Summon Guardian Golem    Hex/Summ       36%        N/A       3%          3
 Teleport Other           Tloc           36%        N/A       3%          3
 Summon Lightning Spire   Summ/Air       50%        N/A       5%          4
 Ice Form                 Ice/Tmut       36%        N/A       12%         4
 Leda's Liquefaction      Hex/Erth       18%        N/A       12%         4
 Petrify                  Tmut/Erth      36%        N/A       12%         4
 Summon Ice Beast         Ice/Summ       36%        N/A       12%         4
 Spellforged Servitor     Conj/Summ      54%        N/A       21%         7
 Alistair's Intoxication  Tmut/Pois      24%        N/A       32%         5
 Borgnjor's Vile Clutch   Necr/Erth      18%        N/A       32%         5
 Metabolic Englaciation   Hex/Ice        18%        N/A       32%         5
 Summon Forest            Summ/Tloc      18%        N/A       32%         5
 Eringya's Noxious Bog    Tmut/Pois      18%        N/A       87%         6
 Simulacrum               Ice/Necr       18%        N/A       87%         6
 Storm Form               Tmut/Air       25%        N/A       99%         7
 Summon Hydra             Summ           18%        N/A       100%        7
 Maxwell's Capacitive Co  Air            30%        ∞         100%        8


Dungeon Overview and Level Annotations

Branches:
Dungeon (15/15)            Temple (0/1) D:5            Lair (5/5) D:10
  Swamp (1/4) Lair:3        Snake (0/4) Lair:2        Slime (0/5) Lair:4
    Orc (2/2) D:11            Elf (0/3) Orc:2        Vaults (0/5) D:13
 Depths (0/4) D:15        Ossuary (visited)          Bailey (visited)
Gauntlet (visited)

Shops:
D:7 =   Orc:1 :   Orc:2 :(![


Innate Abilities, Weirdness & Mutations

You have an increased reservoir of magic. (+10% MP)
You shall have no god before yourself.
Your divine heritage dramatically boosts your attributes as you level up.


Message History

Confirm with . or Enter, or press ? or * to list all spells.
Aiming: Orb of Destruction (dangerous; 1% risk of failure)
Press: ? - help, Shift-Dir - straight line, f - alligator
Aim: an alligator You feel a surge of power!
The alligator puts on a burst of speed!
Unknown command.
Casting: Orb of Destruction (dangerous; 1% risk of failure)
Confirm with . or Enter, or press ? or * to list all spells.
Aiming: Orb of Destruction (dangerous; 1% risk of failure)
Press: ? - help, Shift-Dir - straight line, f/p - alligator
Aim: an alligator (covering ground quickly, ally target)
You feel a surge of power! You block the alligator's attack.
The alligator tail-slaps you but does no damage.
The wavering orb of destruction hits the alligator!!
The alligator is heavily wounded.
You block the alligator's attack. The alligator tail-slaps you.
Casting: Orb of Destruction (dangerous; 1% risk of failure)
Confirm with . or Enter, or press ? or * to list all spells.
You feel a surge of power!
You erupt in a blast of force!
The mystic blast hits the alligator!
The alligator is heavily wounded.
The alligator is knocked back by the mystic blast.
Unknown command.
Casting: Iskenderun's Mystic Blast (safe; 1% risk of failure)
Confirm with . or Enter, or press ? or * to list all spells.
You feel a surge of power!
You erupt in a blast of force!
The mystic blast hits the alligator!!
The alligator is almost dead.
The alligator is knocked back by the mystic blast.
Unknown command.
Casting: Iskenderun's Mystic Blast (safe; 1% risk of failure)
Confirm with . or Enter, or press ? or * to list all spells.
Aiming: Orb of Destruction (dangerous; 1% risk of failure)
Press: ? - help, Shift-Dir - straight line, f/p - alligator
Aim: an alligator (almost dead, covering ground quickly, ally target)
You feel a surge of power!
The orbs collide in a blinding explosion!
The orb of destruction hits you!!!!
Ouch! That really hurt!
You die...

~~..~..♣♣~...#..
~~~~~~.♣♣....#.. ...
~~~~~~.♣♣.~..#.######...
§~~..♣♣♣............†...
~~~..♣♣.~§.............~
~~~~..♣.~~~...§~~....~~~
~~~~~......~.....~~.§§~~
§~~~~~....~~......~.~~§~
~~~.~~.♣.~~~~.~~@§..~~~§
.~...♣♣♣..~~..~.○...~~~~
.....♣ ♣.....~°○..t..~~~
♣....♣ ♣~.~..~○~..~~.~~~
...~.§♣♣....~°~§~.~~~~~~
.~§.. ♣...~~~○~.....~~~.
♣♣.~~.~~°~.../.§~~~
♣~~~~..~♣...§.~§§~~
♣.~~~.~♣≈≈♣.~.~~


You could see an alligator (swift).

Vanquished Creatures
  Saint Roka (Orc:2)
  Rupert (Lair:5)
  A frost giant (D:14)
  The ghost of squishfish the Brawler, a journeyman TrMo of Makhleb (D:12)
  The ghost of Adireryl the Fighter, a journeyman HOFi of Beogh (Lair:5)
  An ironbound preserver (D:13)
  2 orc warlords (Orc:2)
  The ghost of Thalamas the Severer, a journeyman MiBe of Trog (Lair:5)
  A deep elf annihilator (D:14)
  A dire elephant (Lair:4)
  A bunyip (Swamp:1)
  A minotaur (Gauntlet)
  The ghost of Vig Uhad the Martial Artist, a journeyman OpTm of Cheibriados (Lair:5)
  The ghost of Serogusm the Skirmisher, a journeyman CeHs of Okawaru (Lair:5)
  An ettin (D:15)
  Snorg (D:13)
  A green death (Gauntlet)
  Josephine (D:11)
  Fannar (Lair:3)
  7 hydras
  A ghost crab (Lair:3)
  3 death knights (D:14)
  5 two-headed ogres
  3 catoblepae
  3 centaur warriors
  4 boulder beetles
  3 orc high priests (Orc:2)
  6 death yaks
  2 tengu warriors (D:15)
  Urug (Orc:2)
  6 skeletal warriors
  3 skysharks (Lair:5)
  3 goliath frogs (Swamp:1)
  A glowing orange brain (shapeshifter) (D:14)
  A swamp dragon (Swamp:1)
  3 deep trolls
  A lindwurm (Lair:3)
  2 wizards
  5 orange crystal statues
  Pikel (D:8)
  7 orc knights
  3 deep elf pyromancers (D:14)
  9 ugly things
  4 orc sorcerers
  6 cyclopes
  4 manticores
  18 elephants
  A black mamba (Lair:2)
  17 cane toads
  3 gargoyles
  2 unseen horrors
  A smoke demon (Gauntlet)
  A torpor snail (Lair:3)
  7 komodo dragons
  3 efreet
  Maggie (D:6)
  Psyche (D:8)
  6 kobold demonologists
  A rime drake (Lair:3)
  4 freezing wraiths (D:14)
  6 tengu conjurers
  A spectral skyshark (Lair:3)
  3 meliai (D:14)
  A troll (shapeshifter) (D:13)
  A red devil (Gauntlet)
  A queen bee (Gauntlet)
  7 trolls
  A tyrant leech (Swamp:1)
  7 hornets
  3 polar bears
  21 blink frogs
  A dream sheep (Lair:5)
  2 slime creatures
  A spectral black mamba (Lair:3)
  A culicivora (shapeshifter) (D:14)
  4 shadows
  2 vampires
  10 wraiths
  35 yaks
  13 spriggans (Lair:5)
  2 wyverns (Lair:3)
  A spectral komodo dragon (Lair:3)
  3 basilisks
  3 vampire mosquitoes (D:12)
  2 steam dragons
  A swamp worm (Swamp:1)
  4 wargs
  Menkaure (D:4)
  4 acid dragons
  A floating eye (shapeshifter) (D:14)
  2 nagas (Lair:2)
  22 water moccasins
  27 orc warriors
  2 sky beasts
  5 black bears
  A black bear (shapeshifter) (D:13)
  3 ice beasts
  10 ogres
  A spectral rime drake (Lair:3)
  36 wolves
  4 boggarts
  2 centaurs
  A lemure (D:8)
  9 kobold brigands
  Blork the orc (D:6)
  2 elf zombies (Ossuary)
  13 bullfrogs
  8 scorpions
  3 gnoll sergeants
  11 wights
  24 killer bees
  7 electric eels (Lair:1)
  14 howler monkeys
  2 crimson imps (Gauntlet)
  3 lava snakes
  12 hounds
  A human zombie (Ossuary)
  29 orc priests
  5 jellies
  Crazy Yiuf (D:2)
  2 gnoll boudas
  2 sleepcaps
  Jessica (D:2)
  7 iguanas
  25 orc wizards
  A hound zombie (Ossuary)
  4 mummies (Ossuary)
  11 adders
  16 gnolls
  A shadow imp (D:5)
  3 white imps
  3 ufetubi
  An adder zombie (Ossuary)
  A worm (D:2)
  5 dart slugs
  108 orcs
  9 endoplasms
  8 goblins
  10 hobgoblins
  3 jackals (D:2)
  22 kobolds
  A quokka (D:4)
  3 ball pythons
  5 bats
  2 frilled lizards (D:1)
  A goblin zombie (Ossuary)
  2 hobgoblin zombies (Ossuary)
  A kobold zombie (Ossuary)
  An orc zombie (Ossuary)
  4 rats
  2 rat zombies (Ossuary)
852 creatures vanquished.

Vanquished Creatures (others)
  The ghost of Kiti Anamang the Thaumaturge, a journeyman GnFE of Vehumet (Lair:3)
  A floating eye (shapeshifter) (D:14)
2 creatures vanquished.

Grand Total: 854 creatures vanquished

Notes
Turn   | Place    | Note
-------+----------+-------------------------------------------
     0 | D:1      | McKennaii the Demigod Conjurer began the quest for the Orb.
     0 | D:1      | Reached XP level 1. HP: 14/14 MP: 5/5
   350 | D:1      | Reached XP level 2. HP: 20/20 MP: 5/7
   581 | D:1      | Reached skill level 4 in Conjurations
   652 | D:1      | Learned a level 2 spell: Searing Ray
   701 | D:2      | Found a runed translucent door.
   702 | D:2      | Noticed Crazy Yiuf
   984 | D:2      | Reached XP level 3. HP: 26/26 MP: 4/9
  1490 | D:2      | Noticed Jessica
  1492 | D:2      | Killed Jessica
  1953 | D:3      | Reached XP level 4. HP: 31/33 MP: 6/11
  2684 | D:4      | Noticed Menkaure
  2688 | D:4      | Killed Menkaure
  2689 | D:4      | Reached skill level 5 in Conjurations
  2689 | D:4      | Reached XP level 5. HP: 33/38 MP: 6/13
  2793 | D:4      | Found a sand-covered staircase.
  2803 | Ossuary  | Entered an ossuary
  2915 | Ossuary  | Reached XP level 6. HP: 42/45 MP: 2/15
  3621 | D:4      | Reached skill level 6 in Conjurations
  3780 | D:4      | Identified the ring of Afaok {rCorr Str+3 Int+2}
  3874 | D:4      | Learned a level 4 spell: Iskenderun's Mystic Blast
  4223 | D:4      | Reached XP level 7. HP: 50/50 MP: 9/17
  4315 | D:4      | Reached skill level 5 in Spellcasting
  4673 | D:5      | Entered Level 5 of the Dungeon
  4847 | D:2      | Killed Crazy Yiuf
  5173 | D:5      | Got the Volume of Position and Fulmination
  5325 | D:5      | Reached skill level 7 in Conjurations
  5724 | D:5      | Found a staircase to the Ecumenical Temple.
  5781 | D:5      | Reached XP level 8. HP: 57/57 MP: 14/20
  6169 | D:5      | Noticed a gargoyle
  6176 | D:5      | Reached skill level 8 in Conjurations
  6176 | D:5      | Killed a gargoyle
  6573 | D:6      | Noticed Maggie
  6589 | D:6      | Killed Maggie
  6590 | D:6      | Reached XP level 9. HP: 13/62 MP: 5/24
  6869 | D:6      | Reached skill level 9 in Conjurations
  7716 | D:6      | Noticed Blork the orc
  7722 | D:6      | Killed Blork the orc
  7851 | D:6      | Reached skill level 10 in Conjurations
  9111 | D:6      | Reached XP level 10. HP: 50/69 MP: 19/27
  9738 | D:7      | Found Qacvom's Jewellery Shop.
 10013 | D:7      | Identified the +0 pair of gloves of Xom, Hammering {Will+}
 10756 | D:8      | Reached skill level 11 in Conjurations
 11261 | D:8      | Noticed Psyche
 11269 | D:8      | Killed Psyche
 11392 | D:8      | Noticed Pikel
 11396 | D:8      | Killed Pikel
 11397 | D:8      | Reached skill level 10 in Spellcasting
 11745 | D:9      | Identified a scroll of acquirement
 11745 | D:9      | Acquired 520 gold pieces
 12145 | D:9      | Found a flagged portal.
 12366 | Bailey   | Entered a bailey
 12375 | Bailey   | Learned a level 7 spell: Orb of Destruction
 12686 | Bailey   | Noticed an orc knight
 12700 | Bailey   | Killed an orc knight
 13732 | D:10     | Entered Level 10 of the Dungeon
 13751 | D:10     | Reached skill level 12 in Conjurations
 13835 | D:10     | Reached XP level 11. HP: 74/74 MP: 30/30
 13862 | D:10     | Noticed an orange crystal statue
 14684 | D:10     | Found a staircase to the Lair.
 15257 | D:11     | Noticed a boulder beetle
 15444 | D:11     | Noticed a two-headed ogre
 15444 | D:11     | Noticed a skeletal warrior
 15444 | D:11     | Noticed a skeletal warrior
 15540 | D:11     | Found a staircase to the Orcish Mines.
 15824 | D:11     | Killed a two-headed ogre
 16019 | D:11     | Noticed Josephine
 16052 | D:11     | Killed Josephine
 16054 | D:11     | Reached skill level 13 in Conjurations
 16270 | D:11     | Killed a boulder beetle
 16631 | D:11     | Killed a skeletal warrior
 16711 | D:11     | Noticed a two-headed ogre
 16714 | D:11     | Killed a two-headed ogre
 16720 | D:11     | Killed a skeletal warrior
 16841 | D:11     | Noticed a skeletal warrior
 16845 | D:11     | Killed a skeletal warrior
 17156 | D:12     | Noticed a wizard
 17158 | D:12     | Killed a wizard
 17218 | D:12     | Reached XP level 12. HP: 79/81 MP: 14/33
 17566 | D:12     | Found a runed translucent gate.
 17566 | D:12     | Found a runed translucent gate.
 17702 | D:12     | Found a runed translucent gate.
 17703 | D:12     | Noticed squishfish's ghost (journeyman TrMo)
 17997 | D:12     | Reached skill level 14 in Conjurations
 18310 | D:12     | Killed squishfish's ghost
 18682 | D:13     | Noticed Snorg
 18834 | D:13     | Noticed a centaur warrior
 18837 | D:13     | Killed a centaur warrior
 19047 | D:13     | Noticed an ironbound preserver
 19055 | D:13     | Killed an ironbound preserver
 19233 | D:13     | Noticed a centaur warrior
 19243 | D:13     | Killed a centaur warrior
 19438 | D:13     | Killed Snorg
 19516 | D:13     | Found a gate to the Vaults.
 19727 | D:13     | Noticed a catoblepas
 19732 | D:13     | Killed a catoblepas
 19881 | D:13     | You fall into a shaft and drop 1 floor!
 19883 | D:14     | Noticed a deep elf annihilator
 19899 | D:14     | Reached skill level 15 in Conjurations
 19899 | D:14     | Killed a deep elf annihilator
 20035 | D:14     | Noticed a boulder beetle
 20291 | D:14     | Noticed a seven-headed hydra
 20295 | D:14     | Killed a seven-headed hydra
 20457 | D:14     | Reached XP level 13. HP: 52/86 MP: 23/35
 21280 | D:14     | Noticed a frost giant
 21285 | D:14     | Killed a frost giant
 21684 | D:14     | Reached skill level 16 in Conjurations
 22077 | D:14     | Identified the +5 great sword of Chaos {vamp, Int+5 Stlth+}
 22720 | D:15     | Entered Level 15 of the Dungeon
 22765 | D:15     | Found a gate leading to a gauntlet.
 22823 | Gauntlet | Entered a Gauntlet
 22823 | Gauntlet | Found a transporter.
 22866 | Gauntlet | Found a transporter.
 22868 | Gauntlet | Found a transporter.
 22881 | Gauntlet | Found a transporter.
 22884 | Gauntlet | Found a transporter.
 22894 | Gauntlet | Found a transporter.
 22909 | Gauntlet | Found a transporter.
 22922 | Gauntlet | Found a transporter.
 22934 | Gauntlet | Found a transporter.
 22935 | Gauntlet | Found a runed translucent door.
 22936 | Gauntlet | Found a runed translucent door.
 22939 | Gauntlet | Found a transporter.
 22939 | Gauntlet | Found a transporter.
 22967 | Gauntlet | Found a transporter.
 23021 | Gauntlet | Found a transporter.
 23022 | Gauntlet | Found a transporter.
 23173 | Gauntlet | Identified the ring "Hiekaz" {rF+ EV+5}
 23205 | Gauntlet | Reached skill level 15 in Spellcasting
 23212 | Gauntlet | Identified the amulet of Neckinne {Acrobat +Inv rPois Will-
                  | Stlth+}
 23280 | Gauntlet | Identified the ring "Tesimp" {Fire rPois Str-5 Dex+4
                  | Stlth+}
 23365 | Gauntlet | Noticed a minotaur
 23368 | Gauntlet | Killed a minotaur
 23842 | D:15     | Reached XP level 14. HP: 93/93 MP: 30/38
 24399 | D:15     | Found a staircase to the Depths.
 24836 | D:15     | Acquired the +3 pair of seven-league boots {Rampage+∞}
 24836 | D:15     | Found the +3 pair of seven-league boots {Rampage+∞}
 24848 | D:15     | Acquired the +2 buckler of Borrir {Str+5}
 24873 | D:15     | Acquired 1211 gold pieces
 25122 | Lair:1   | Entered Level 1 of the Lair of Beasts
 25283 | Lair:1   | Reached skill level 1 in Armour
 25283 | Lair:1   | Reached skill level 1 in Shields
 25299 | Lair:1   | Reached skill level 17 in Conjurations
 26928 | Lair:2   | Got Ixuagal's Quarto of Incineration and Chilblains
 27576 | Lair:2   | Found a staircase to the Snake Pit.
 28035 | Lair:3   | Noticed Fannar
 28040 | Lair:3   | Killed Fannar
 28390 | Lair:3   | Identified the +0 mace "Oqubauc" {drain, rF- rC- Str+8
                  | Stlth+}
 28477 | Lair:3   | Noticed Kiti Anamang's ghost (journeyman GnFE)
 28914 | Lair:3   | Found a staircase to the Swamp.
 28974 | Lair:3   | Found a runed translucent door.
 29194 | Lair:3   | Killed Kiti Anamang's ghost
 29778 | Lair:4   | Found a staircase to the Slime Pits.
 29914 | Lair:4   | Reached XP level 15. HP: 91/99 MP: 16/40
 30117 | Lair:4   | Reached skill level 18 in Conjurations
 30709 | Lair:5   | Entered Level 5 of the Lair of Beasts
 31268 | Lair:5   | Found a runed translucent gate.
 31269 | Lair:5   | Found a runed translucent gate.
 31275 | Lair:5   | Found a runed translucent gate.
 31276 | Lair:5   | Noticed Vig Uhad's ghost (journeyman OpTm)
 31276 | Lair:5   | Noticed Adireryl's ghost (journeyman HOFi)
 31276 | Lair:5   | Noticed Serogusm's ghost (journeyman CeHs)
 31276 | Lair:5   | Noticed Thalamas's ghost (journeyman MiBe)
 31535 | Lair:5   | Noticed Rupert
 31541 | Lair:5   | Killed Rupert
 32380 | Lair:5   | Identified the +1 glaive "Jyesm" {protect, Int+3 SInv}
 32702 | Lair:5   | Killed Vig Uhad's ghost
 32703 | Lair:5   | Killed Serogusm's ghost
 32752 | Lair:5   | Killed Adireryl's ghost
 32756 | Lair:5   | Killed Thalamas's ghost
 32807 | Lair:5   | Acquired a book of Vapours
 32815 | Lair:5   | Learned a level 5 spell: Freezing Cloud
 32822 | Lair:5   | Learned a level 6 spell: Plasma Beam
 32949 | Orc:1    | Entered Level 1 of the Orcish Mines
 33079 | Orc:1    | Found Kyala's Book Shop.
 33115 | Orc:1    | Found a runed translucent door.
 33157 | Orc:1    | Found the +10 tower shield of Ignorance {rN+ Int-4}
 33173 | Orc:1    | Found a runed translucent door.
 34135 | Orc:1    | Reached skill level 1 in Air Magic
 34249 | Orc:1    | Reached skill level 1 in Fire Magic
 34509 | Orc:2    | Entered Level 2 of the Orcish Mines
 34512 | Orc:2    | Found a staircase to the Elven Halls.
 34544 | Orc:2    | Noticed Urug
 34553 | Orc:2    | Killed Urug
 34631 | Orc:2    | Noticed Saint Roka
 34641 | Orc:2    | Killed Saint Roka
 35696 | Orc:2    | Found Antafol's Antique Armour Boutique.
 35696 | Orc:2    | Found Biuw Ezi's Distillery.
 35698 | Orc:2    | Found Vyedwaal's Weapon Boutique.
 35698 | Orc:2    | Found Vizisee's Book Shoppe.
 35704 | Orc:2    | Bought a pair of embroidered boots for 187 gold pieces
 35724 | Orc:2    | Bought a book of the Sky for 792 gold pieces
 35726 | Orc:2    | Bought a potion of degeneration for 17 gold pieces
 35727 | Orc:2    | Bought a potion of curing for 51 gold pieces
 35727 | Orc:2    | Bought a potion of brilliance for 68 gold pieces
 35979 | Swamp:1  | Entered Level 1 of the Swamp
 36290 | Swamp:1  | Blew themself up

Illustrated notes

Levels and vault maps discovered:
D:1:      eino_arrival_water_star, layout_rooms
D:2:      layout_loops_ring, basic_altar, uniq_crazy_yiuf_cottage, uniq_jessica
D:3:      layout_rooms, mainiacjoe_overflow_alcove_1, kennysheep_generic_room_11
D:4:      layout_basic, nzn_wu_jian_contemplation,
          nicolae_uskayaw_murder_on_the_dancefloor, enter_ossuary_2,
          uniq_menkaure
D:5:      kennysheep_windowed_halls, layout_cave_pools,
          minmay_temple_entry_waves, serial_park, serial_park_tiny_2
D:6:      lemuel_castle_with_subvaults [lemuel_castle_interior_carwin_1],
          layout_basic, uniq_maggie, uniq_blork_the_orc
D:7:      layout_loops_ring, serial_shops, nicolae_shop_statue_plus
D:8:      layout_basic, uniq_psyche, uniq_pikel
D:9:      layout_loops_ring, kennysheep_little_box, minitemple, enter_bailey_5
D:10:     layout_roguey, marbit_many_paths, dpeg_oklobed_lair, disabler_island
D:11:     layout_cave_pods, orc_0_dummy, serial_ice, serial_ice_l, serial_ice_d,
          serial_ice_e, serial_ice_n, uniq_josephine
D:12:     layout_basic, ebering_ghost_rock_garden, hangedman_decor_lopped
D:13:     layout_roguey, skrybe_vaults_entry_preservation, uniq_snorg
D:14:     nzn_winding_woodlands_large [nzn_winding_woodlands_hourglass,
          nzn_winding_woodlands_5x15_default, nzn_winding_woodlands_5x5_cross,
          nzn_winding_woodlands_center_diamonds,
          nzn_winding_woodlands_15x15_killbox,
          nzn_winding_woodlands_center_garden, nzn_winding_woodlands_5x5_three,
          nzn_winding_woodlands_5x15_river_crossing,
          nzn_winding_woodlands_5x5_open_star], layout_rooms,
          minmay_fountain_box
D:15:     hangedman_depths_entry_civil_slaughter, layout_loops_corners,
          gauntlet_entry_generic, minmay_misc_feat_alley
Lair:1:   layout_regular_city, serial_bayou_lagoon_b, serial_bayou_shore_a
Lair:2:   layout_regular_city, guppyfry_snake_entry_garden, beast_lair_carwin_2
Lair:3:   layout_gridlike, nicolae_swamp_entry_spooky,
          hellmonk_ghost_happy_afterlife, beast_lair_carwin_4, uniq_fannar
Lair:4:   beast_lair_carwin_large_1, layout_cave_pods,
          minmay_slime_entry_pillars, infiniplex_staircase_pool
Lair:5:   minmay_lair_end_enchanted_forest, layout_small_grid,
          gammafunk_ghost_cemetery, chequers_serial_rivers_marsh,
          grunt_megastairs_5, lemuel_fruit_tree, uniq_rupert
Swamp:1:  layout_basic_swamp, evilmike_swamp_ruin_house_1, swamp_pool1
Orc:1:    layout_diamond_mine, serial_shops, shop, nicolae_orc_pool_cavern,
          chequers_guarded_unrand_ignorance
Orc:2:    grunt_orc_tribal_feast, layout_caves, uniq_urug, uniq_saint_roka

Skill      XL: |  1  2  3  4  5  6  7  8  9 10 11 12 13 14 15 |
---------------+----------------------------------------------+-----
Spellcasting   | 2 3 4 6 7 9 10 12 13 15 16 17 | 17.3
Conjurations   | 4 5 6 7 8 10 12 13 15 16 17 18 | 18.9
Armour         | 4 |  4.0
Shields        | 4 |  4.0
Air Magic      | 3 |  3.4
Fire Magic     | 3 |  3.3
Dodging        | |  1.7
Stealth        | |  1.7

Action                     |  1- 3 |  4- 6 |  7- 9 | 10-12 | 13-15 || total
---------------------------+-------+-------+-------+-------+-------++-------
  Melee: Unarmed           |     1 |       |       |       |       ||     1
         Staff             |       |     3 |    25 |     5 |    30 ||    63
         Scimitar          |       |       |       |       |     4 ||     4
   Cast: Magic Dart        |    72 |    76 |   254 |   238 |   225 ||   865
         Searing Ray       |     1 |    17 |    61 |   107 |    15 ||   201
         Iskenderun's Myst |       |       |     7 |    98 |   246 ||   351
         Orb of Destructio |       |       |       |    46 |   413 ||   459
         Freezing Cloud    |       |       |       |       |    12 ||    12
  Evoke: Wand              |       |       |     1 |       |     5 ||     6
    Use: Scroll            |       |     4 |     1 |     9 |    26 ||    40
         Potion            |       |       |       |       |     4 ||     4
 Armour: Robe              |       |    10 |    35 |    49 |     4 ||    98
         Leather armour    |       |       |       |       |    76 ||    76
  Dodge: Dodged            |     5 |    25 |    94 |    93 |   106 ||   323
  Block: Buckler           |       |       |       |       |    53 ||    53
